 Dungeon Crawl Stone Soup version 0.21.0-3-g78d12a8 (console) character file.

14370 hilaritas the Cleaver (level 12, -22/145 HPs)
             Began as a Formicid Fighter on Jan 13, 2018.
             Was a High Priest of Okawaru.
             Annihilated by a titanic slime creature (48 damage)
             ... on level 11 of the Dungeon.
             The game lasted 00:34:05 (13749 turns).

hilaritas the Cleaver (Formicid Fighter)           Turns: 13749, Time: 00:34:05

Health: -22/145    AC: 26    Str: 27    XL:     12   Next: 44%
Magic:  17/18      EV:  2    Int:  7    God:    Okawaru [*****.]
Gold:   179        SH: 14    Dex: 10    Spells: 11/11 levels left

rFire    . . .     SeeInvis .   F - +0 battleaxe
rCold    + . .     Gourm    .   c - +0 shield
rNeg     + + +     Faith    .   (armour currently unavailable)
rPois    +         Spirit   .   (helmet unavailable)
rElec    .         Reflect  .   (cloak currently unavailable)
rCorr    .         Harm     .   (gloves currently unavailable)
MR       ++...                  (boots currently unavailable)
Stlth    +++.......             (no amulet)
HPRegen  0.34/turn              j - ring of protection from cold
MPRegen  0.16/turn              x - ring of protection from magic

@: tree-form, heroism
A: permanent stasis, dig shafts and tunnels, four strong arms, evolution 1
a: Heroism, Finesse, Renounce Religion


You were on level 11 of the Dungeon.
You worshipped Okawaru.
Okawaru was extremely pleased with you.
You were hungry.
You were a tree.
You visited 1 branch of the dungeon, and saw 12 of its levels.
You also visited: Ossuary.

You collected 674 gold pieces.
You spent 495 gold pieces at shops.

Inventory:

Hand Weapons
 a - a +1 war axe
 h - a +0 whip
 F - a +0 battleaxe (weapon)
Missiles
 m - 14 tomahawks (quivered)
Armour
 c - a +0 shield (worn)
 p - a +2 pair of gloves (melded)
 r - a +0 plate armour (melded)
 E - a +0 pair of boots of running (melded)
Jewellery
 j - a ring of protection from cold (left branch)
 n - an uncursed ring of flight
 v - an uncursed ring of protection from cold
 x - a ring of protection from magic (right branch)
Wands
 t - a wand of acid (9)
 D - a wand of random effects (14)
 H - a wand of enslavement (15)
Scrolls
 g - 3 scrolls of amnesia
 i - 4 scrolls of enchant weapon
 l - 3 scrolls of fear
 s - 2 scrolls of magic mapping
 u - 3 scrolls of remove curse
 y - 3 scrolls of identify
Potions
 b - 5 potions of curing
 d - 5 potions of heal wounds
 e - 2 potions of brilliance
 o - a potion of lignification
 q - 6 potions of flight
 w - a potion of invisibility
 z - a potion of agility
 A - a potion of cancellation
 B - a potion of might
 C - 2 potions of mutation
 G - 2 potions of resistance
Comestibles
 f - 32 rations


   Skills:
 - Level 10.0(15.0) Fighting
 - Level 10.2(15.2) Axes
 + Level 9.7(14.7) Armour
 * Level 4.3(9.3) Dodging
 - Level 10.0(15.0) Shields
 * Level 8.5 Invocations


You had 11 spell levels left.
You didn't know any spells.

Dungeon Overview and Level Annotations

Branches:
Dungeon (12/15)            Temple (0/1) D:6
   Lair: D:8-11         Orc: D:9-12

Altars:
Dithmenos
Elyvilon
Fedhas
Gozag
Hepliaklqana
Okawaru
Ru
Vehumet
Yredelemnul
The Shining One

Shops:
D:12 !

Annotations:
D:8 5 runed doors


Innate Abilities, Weirdness & Mutations

You cannot be hasted, slowed, berserked, paralysed or teleported.
You can dig through walls and to a lower floor.
Your four strong arms can wield two-handed weapons with a shield.
((You have a pair of large antennae on your head. (SInv)))
((You are mostly covered in iridescent scales. (AC +4)))
You evolve.


Message History

Okawaru accepts your kill.
The titanic slime creature hits you but does no damage.
You see here a hippogriff corpse.
You hit the titanic slime creature.
The titanic slime creature is lightly wounded.
The titanic slime creature hits you!!!
You hit the titanic slime creature but do no damage.
The titanic slime creature is lightly wounded.
You block the titanic slime creature's attack.
You turn into a tree.
Your +2 pair of gloves melds into your body.
Your +0 pair of boots of running melds into your body.
Your +0 plate armour melds into your body.
You feel rather sluggish.
Your roots penetrate the ground.
The titanic slime creature hits you!!!
* * * LOW HITPOINT WARNING * * *
You hit the titanic slime creature but do no damage.
The titanic slime creature is lightly wounded.
The titanic slime creature hits you!!!
You die...

#########
#...J...#
#.J.....#
#.JJ....# #.# #J#
#♣# ###########
#.# ..........#
#.#
..........######.#
###..#####.......#
#..# #.......#
#..# #.#######
#..# #.# #..# #.#
#..# #.# #..# #.#


You could see a titanic slime creature.

Vanquished Creatures
  5 two-headed ogres
  The ghost of komo4ek the Summoner, a novice HuSu of Hepliaklqana (D:7)
  An unseen horror (D:10)
  A cyclops (D:12)
  Joseph (D:9)
  A gargoyle (D:11)
  A queen bee (D:8)
  7 hippogriffs
  6 yaks (D:12)
  A steam dragon (D:9)
  2 water moccasins (D:9)
  A sky beast (D:8)
  2 black bears (D:8)
  4 orc warriors
  2 ice beasts (D:5)
  6 ogres
  The ghost of Scuka the Slasher, an amateur BaFi (D:3)
  4 phantoms
  2 centaurs
  2 crocodiles
  5 bullfrogs
  2 big kobolds (D:8)
  A scorpion (D:4)
  22 killer bees
  3 wights (D:10)
  7 howler monkeys
  An electric eel (D:8)
  A lava snake (D:8)
  3 crimson imps (D:5)
  2 bullfrog zombies
  A quasit (D:10)
  8 hounds
  4 centaur skeletons
  2 gnoll shamans
  5 orc priests
  7 jellies
  16 orc wizards
  Jessica (D:3)
  3 bullfrog skeletons
  2 iguanas
  9 worker ants
  A hound skeleton (D:8)
  12 mummies (Ossuary)
  2 worker ant zombies
  11 gnolls
  17 adders
  4 shadow imps
  2 oozes
  An adder skeleton (D:8)
  6 worms
  3 dart slugs
  4 leopard geckos
  37 orcs
  A ball python (D:5)
  9 giant cockroaches
  11 goblins
  7 hobgoblins
  6 jackals
  A quokka (D:5)
  12 bats
  5 frilled lizards
  A giant cockroach zombie (D:6)
  2 gnoll skeletons (Ossuary)
  A goblin skeleton (Ossuary)
  11 kobolds
  3 kobold skeletons (Ossuary)
  2 orc skeletons (Ossuary)
  A quokka skeleton (D:8)
  10 rats
  11 rat skeletons (Ossuary)
350 creatures vanquished.

Notes
Turn   | Place    | Note
-------+----------+-------------------------------------------
     0 | D:1      | hilaritas the Formicid Fighter began the quest for the Orb.
     0 | D:1      | Reached XP level 1. HP: 18/18 MP: 1/1
   175 | D:1      | Reached XP level 2. HP: 24/24 MP: 2/2
   537 | D:1      | Reached XP level 3. HP: 29/29 MP: 3/3
  1082 | D:2      | Found a faded altar of an unknown god.
  1211 | D:2      | Noticed an orc warrior
  1234 | D:2      | Reached XP level 4. HP: 35/37 MP: 4/4
  1283 | D:2      | HP: 3/37 [orc warrior/hand axe (19)]
  1287 | D:2      | Killed an orc warrior
  1287 | D:2      | Reached XP level 5. HP: 3/42 MP: 5/5
  1289 | D:2      | Reached XP level 6. HP: 4/48 MP: 6/6
  1591 | D:2      | Reached skill level 5 in Axes
  1823 | D:2      | Found a blossoming altar of Fedhas.
  2359 | D:3      | Found a basalt altar of Yredelemnul.
  2359 | D:3      | Found a hazy altar of Hepliaklqana.
  2547 | D:3      | Found a shadowy altar of Dithmenos.
  2612 | D:3      | Noticed Scuka's ghost (amateur BaFi)
  2622 | D:3      | Killed Scuka's ghost
  2622 | D:3      | Reached XP level 7. HP: 43/55 MP: 7/7
  2761 | D:3      | Noticed Jessica
  2766 | D:3      | Killed Jessica
  3542 | D:4      | Reached skill level 5 in Shields
  3589 | D:4      | Reached XP level 8. HP: 35/61 MP: 8/8
  4730 | D:5      | Entered Level 5 of the Dungeon
  4766 | D:5      | Reached skill level 5 in Fighting
  5068 | D:5      | Reached XP level 9. HP: 66/68 MP: 9/9
  5314 | D:5      | Found an iron altar of Okawaru.
  5326 | D:5      | Became a worshipper of Warmaster Okawaru
  5560 | D:5      | Reached skill level 10 in Axes
  5560 | D:5      | Reached skill level 1 in Invocations
  6090 | D:6      | Found a glowing golden altar of the Shining One.
  6282 | D:6      | Found a staircase to the Ecumenical Temple.
  6793 | D:7      | Noticed komo4ek's ghost (novice HuSu)
  6808 | D:7      | Killed komo4ek's ghost
  6808 | D:7      | Reached * piety under Okawaru
  6994 | D:7      | Reached XP level 10. HP: 77/77 MP: 12/12
  7167 | D:7      | Reached ** piety under Okawaru
  7368 | D:7      | Found a sacrificial altar of Ru.
  7898 | D:8      | Found a runed gate.
  7904 | D:8      | Found a runed gate.
  7904 | D:8      | Found a runed gate.
  7907 | D:8      | Found a sand-covered staircase.
  7913 | Ossuary  | Entered an ossuary
  8433 | D:8      | Found a runed door.
  8439 | D:8      | Noticed a two-headed ogre
  8453 | D:8      | Killed a two-headed ogre
  8453 | D:8      | Reached *** piety under Okawaru
  8636 | D:8      | Reached skill level 5 in Armour
  8709 | D:8      | Reached skill level 5 in Invocations
  8804 | D:8      | Noticed a two-headed ogre
  8817 | D:8      | Killed a two-headed ogre
  8817 | D:8      | Reached **** piety under Okawaru
  8817 | D:8      | Reached XP level 11. HP: 10/89 MP: 11/15
 10209 | D:8      | Found a runed door.
 10222 | D:8      | Found the +9 staff of Olgreb {rPois}
 10815 | D:9      | Reached skill level 10 in Shields
 10905 | D:9      | Reached ***** piety under Okawaru
 10929 | D:9      | Reached skill level 10 in Fighting
 11182 | D:9      | Found a white marble altar of Elyvilon.
 11188 | D:9      | Found a radiant altar of Vehumet.
 11190 | D:9      | Found an opulent altar of Gozag.
 11198 | D:9      | Reached skill level 1 in Dodging
 11550 | D:9      | Noticed a two-headed ogre
 11568 | D:9      | Killed a two-headed ogre
 11574 | D:9      | Noticed a two-headed ogre
 11590 | D:9      | Killed a two-headed ogre
 11590 | D:9      | Received a gift from Okawaru
 11602 | D:9      | Identified a +0 pair of boots of running (Okawaru gifted it to you on level 9 of the Dungeon)
 11975 | D:9      | Noticed Joseph
 11988 | D:9      | Killed Joseph
 12252 | D:10     | Entered Level 10 of the Dungeon
 12846 | D:10     | Noticed an unseen horror
 12854 | D:10     | Killed an unseen horror
 12854 | D:10     | Reached XP level 12. HP: 90/97 MP: 17/17
 13159 | D:11     | You fall through a shaft!
 13323 | D:12     | Found Fecuefy's Distillery.
 13450 | D:12     | Noticed a two-headed ogre
 13459 | D:12     | Killed a two-headed ogre
 13656 | D:12     | Bought 2 potions of resistance for 300 gold pieces
 13656 | D:12     | Bought a potion of mutation for 120 gold pieces
 13656 | D:12     | Bought a potion of heal wounds for 75 gold pieces
 13656 | D:12     | Gained mutation: You are partially covered in iridescent scales. (AC +2) [potion of mutation]
 13656 | D:12     | Gained mutation: You evolve. [potion of mutation]
 13656 | D:12     | Gained mutation: You are mostly covered in iridescent scales. (AC +4) [potion of mutation]
 13749 | D:11     | Annihilated by a titanic slime creature

Skill      XL: |  1  2  3  4  5  6  7  8  9 10 11 12 |
---------------+-------------------------------------+-----
Shields        | 4 5 6 7 9 10 | 10.0
Axes           | 3 4 6 7 9 10 | 10.2
Fighting       | 4 5 6 9 10 | 10.0
Invocations    | 3 5 7 8 |  8.5
Armour         | 4 5 8 9 |  9.7
Dodging        | 3 4 |  4.3

Action                   |  1- 3 |  4- 6 |  7- 9 | 10-12 || total
-------------------------+-------+-------+-------+-------++-------
Melee: War axe           |    87 |   139 |   361 |   626 ||  1213
       Battleaxe         |       |       |       |   117 ||   117
Throw: Tomahawk          |       |       |     9 |    28 ||    37
Invok: Heroism           |       |       |       |    10 ||    10
 Abil: Dig               |       |     2 |       |       ||     2
  Use: Scroll            |     5 |       |     9 |     6 ||    20
       Potion            |       |     3 |       |     7 ||    10
  Eat: Chunk             |     1 |     5 |    13 |    16 ||    35
       Ration            |       |       |       |     2 ||     2
Armor: Scale mail        |    35 |     5 |       |       ||    40
       Chain mail        |       |    59 |    64 |       ||   123
       Plate armour      |       |       |    70 |   289 ||   359
       Skin              |       |       |       |    63 ||    63
Dodge: Dodged            |    36 |    38 |    55 |   149 ||   278
Block: Shield            |    44 |    87 |   191 |   472 ||   794
